Map: Magannatha LE

Players

Viocan - Winner!

  • Race: Terran Terran
  • League: Diamond
  • Spawn Location: 5:00

ManlyManMeat

  • Race: Zerg Zerg
  • League: Diamond
  • Spawn Location: 11:00

VOD

Have the link to the VOD?

Description

Time

  • Played on: July 5, 2025, 2:02 p.m.
  • Length: 24:27
Show
View Real Time Build Order
Export as new Build Order

Viocan Terran - Winner!

Build Orders:  

Get SALT Encoding   

  12  0:00  SCV  
  13  0:15  Supply Depot  
  13  0:17  SCV  
  14  0:29  SCV  
  15  0:38  Barracks  
  15  0:41  Refinery  
  15  0:44  SCV  
  16  0:56  SCV  
  17  1:08  SCV  
  18  1:20  SCV  
  19  1:27  Barracks Reactor  
  20  1:32  SCV  
  20  1:36  Command Center  
  20  1:44  Orbital Command  
  20  1:52  Supply Depot  
  20  2:03  Marine x2  
  22  2:10  SCV  
  23  2:18  Bunker  
  23  2:20  Marine  
  23  2:21  Marine  
  25  2:26  Factory  
  25  2:48  Orbital Command, Marine x2  
  27  2:53  SCV  
  29  3:05  SCV  
  29  3:06  Marine x2  
  29  3:09  Factory Tech Lab  
  31  3:14  SCV  
  31  3:17  SCV  
  33  3:20  Supply Depot  
  33  3:24  Marine x2  
  33  3:26  SCV  
  36  3:29  SCV  
  37  3:36  Siege Tank  
  37  3:38  SCV  
  41  3:42  Supply Depot, SCV  
  41  3:45  Marine x2  
  44  3:50  Refinery  
  44  3:55  SCV x2  
  46  3:57  Command Center  
  46  4:04  Supply Depot  
  46  4:16  Stimpack  
  46  4:17  Hellion x2, Marine  
  46  4:21  SCV  
  46  4:22  SCV  
  53  4:27  Refinery  
  53  4:33  SCV  
  53  4:34  Starport  
  53  4:36  Barracks  
  53  4:37  Barracks  
  54  4:39  Hellion x2  
  54  4:42  SCV  
  59  4:45  SCV  
  60  4:54  Supply Depot, SCV  
  60  4:58  Marine  
  62  5:00  Hellion  
  62  5:01  Hellion  
  66  5:07  SCV x2  
  66  5:10  Starport Reactor  
  66  5:12  Orbital Command  
  68  5:19  SCV  
  68  5:20  Engineering Bay  
  69  5:21  Engineering Bay  
  69  5:38  SCV x2  
  69  5:39  Refinery, Barracks Reactor x2  
  69  5:40  Hellion  
  69  5:41  Hellion  
  69  5:42  SCV  
  76  5:50  SCV, Terran Infantry Weapons Level 1  
  76  5:51  Barracks  
  76  5:52  Terran Infantry Armor Level 1, Barracks  
  76  5:55  Medivac  
  79  5:58  Medivac  
  75  6:29  Orbital Command  
  75  6:30  Hellion x2, Combat Shield  
  75  6:31  Marine x2  
  75  6:32  Marine x3  
  82  6:40  Factory  
  82  6:42  Armory  
  82  6:43  Barracks Reactor x2  
  82  6:49  Marine x4, Medivac  
  82  6:50  Supply Depot x2  
  88  7:05  Marine  
  88  7:07  Marine x3  
  92  7:09  SCV  
  92  7:11  Hellion x2, SCV x2  
  99  7:21  SCV  
  100  7:23  SCV  
  98  7:41  Orbital Command  
  96  8:08  Marauder, Marine x7  
  96  8:09  Marine  
  96  8:10  Widow Mine  
  108  8:13  Supply Depot  
  108  8:14  Supply Depot  
  108  8:15  Supply Depot  
  108  8:25  Marine  
  109  8:33  Supply Depot  
  109  8:35  Marauder, Marine x7  
  109  8:36  Supply Depot x2, Widow Mine, Medivac x2  
  109  8:38  Supply Depot  
  124  8:43  Marine  
  123  8:53  Marine  
  123  8:55  Marine x3  
  109  8:56  Marine x3  
  109  8:57  Marauder  
  109  9:01  Supply Depot, Marine  
  118  9:10  Marine  
  108  9:22  Marauder, Marine x6  
  97  9:35  Marine x2  
  99  9:39  Marine x2, SCV x3  
  99  9:40  Marine  
  99  9:43  Marauder  
  99  9:45  Marine  
  108  9:51  SCV  
  109  10:02  SCV  
  109  10:03  SCV x2  
  109  10:05  Marauder  
  114  10:15  SCV  
  115  10:26  Marauder  
  94  10:46  Marine x2  
  94  10:47  Marauder, Marine x6  
  90  11:04  Marine, SCV x3  
  90  11:09  Marauder  
  96  11:12  Marine x4  
  96  11:13  Marine x3  
  96  11:14  Terran Infantry Weapons Level 2  
  96  11:15  Terran Infantry Armor Level 2  
  96  11:16  SCV x3  
  106  11:21  Starport  
  106  11:22  Marine, Factory Tech Lab  
  106  11:23  Widow Mine  
  106  11:24  Widow Mine  
  111  11:28  SCV x2  
  111  11:29  SCV  
  111  11:30  Marauder, Marine x3  
  111  11:31  Command Center  
  119  11:40  SCV  
  119  11:45  Widow Mine x2  
  124  11:52  Marauder  
  99  12:13  Marauder  
  93  12:15  Marine x2  
  93  12:16  Marine x6  
  95  12:29  Refinery  
  95  12:30  Refinery  
  95  12:31  Starport Reactor  
  95  12:32  Liberator x2  
  95  12:33  Marine x3  
  95  12:34  Marauder, Marine x5  
  111  12:49  Barracks  
  111  12:50  Barracks  
  111  12:51  Barracks, Marine x4  
  111  12:52  Marine x4  
  111  12:56  Marauder  
  97  13:09  Marine x5  
  97  13:10  Marine x3  
  87  13:17  Marauder  
  89  13:27  Marine x6  
  89  13:28  Marine x2  
  97  13:39  Marauder  
  97  13:40  Marine x2  
  97  13:41  Marine  
  102  13:42  Liberator x2  
  102  13:44  Marine  
  102  13:45  Marine x5  
  114  13:55  Marine x2  
  113  13:56  Widow Mine  
  113  13:57  Widow Mine x2  
  113  13:58  Marine x3  
  113  14:00  Marauder  
  95  14:18  Widow Mine x2  
  95  14:21  Marauder, Marine x2, Planetary Fortress  
  95  14:22  Marine x7  
  95  14:23  Marine x2  
  71  14:39  Marine x3  
  71  14:40  Marine x2  
  71  14:43  Marauder  
  71  14:45  Marine x2  
  76  14:46  Marine  
  77  15:04  Marauder  
  77  15:06  Orbital Command  
  79  15:24  Orbital Command  
  79  15:25  Marauder  
  79  15:27  Terran Infantry Armor Level 3, Terran Infantry Weapons Level 3  
  71  15:39  Marine x7  
  71  15:40  Marine x4  
  82  15:47  Marauder  
  84  15:56  Marine  
  84  15:57  Marine x2  
  84  16:00  SCV x2  
  84  16:01  SCV x2  
  91  16:04  Marine  
  91  16:05  Marine x6  
  91  16:06  Marine  
  91  16:08  Marauder, Medivac x2  
  91  16:09  Medivac x2  
  109  16:12  SCV  
  109  16:13  SCV x2  
  109  16:14  Marine x2  
  109  16:15  Marine  
  109  16:16  Supply Depot  
  115  16:20  Supply Depot  
  115  16:22  Marine x2  
  115  16:23  Marine x2  
  119  16:30  Marauder  
  121  16:34  SCV x4  
  121  16:38  Marine  
  126  16:46  SCV x2  
  128  16:51  Marauder  
  118  17:12  Marauder  
  90  17:41  Marauder, Marine x3  
  90  17:42  Marine x8  
  103  17:59  Marine x5  
  103  18:00  Marine x6, Widow Mine x3  
  103  18:01  Drilling Claws  
  103  18:02  Marauder  
  119  18:08  Missile Turret x2  
  119  18:17  Marine x2  
  120  18:24  Marauder  
  114  18:31  Widow Mine  
  114  18:32  Widow Mine x2  
  114  18:33  Marine x6  
  114  18:34  Marine x3  
  129  18:45  Marauder  
  128  18:53  Siege Tank  
  91  19:07  Marauder  
  93  19:13  Marine  
  93  19:14  Marine x8  
  102  19:19  Smart Servos  
  102  19:25  Siege Tank  
  102  19:28  Marauder  
  77  19:47  Marine x4  
  77  19:48  Marine x4  
  77  19:49  Marauder  
  79  19:57  Siege Tank  
  79  19:59  Marine  
  81  20:04  Medivac  
  81  20:11  Marauder  
  83  20:23  Orbital Command  
  83  20:32  Marauder  
  85  20:54  Marauder  
  80  21:15  Marauder  
  80  21:18  Marine x7  
  80  21:19  Marine x4  
  88  21:28  Widow Mine x3  
  94  21:35  Marine  
  94  21:36  Marauder, Marine x2  
  86  21:49  Widow Mine x3  
  86  21:53  Medivac  
  94  21:58  Marauder  
  91  22:19  Marauder  
  73  22:40  Marauder  
  75  22:45  Marine x7  
  75  22:46  Marine x4  
  85  23:02  Marauder, Marine  
  85  23:03  Marine x7  
  85  23:04  Marine  
  95  23:19  Refinery  
  95  23:20  Refinery  
  95  23:23  Marauder  
  97  23:27  Marine x4  
  97  23:28  Marine x7  
  97  23:33  Refinery x2  
  108  23:44  Marine  
  108  23:45  Marine x5  
  108  23:46  Marine x6  
  120  24:02  Marine  
  110  24:03  Marine  
Show
View Real Time Build Order
Export as new Build Order

ManlyManMeat Zerg 

Build Orders: Hatch First 

Get SALT Encoding   

  12  0:00  Drone  
  13  0:08  Drone  
  14  0:16  Drone, Extractor  
  15  0:22  Overlord  
  15  0:41  Drone  
  16  0:46  Hatchery  
  16  0:49  Drone  
  16  0:53  Drone  
  17  0:59  Drone  
  18  1:09  Extractor  
  17  1:13  Spawning Pool  
  17  1:16  Drone  
  17  1:20  Drone  
  18  1:26  Drone  
  19  1:38  Drone  
  20  2:00  Queen x2  
  20  2:01  Zergling x4  
  25  2:03  Overlord  
  26  2:09  Drone  
  26  2:12  Metabolic Boost  
  27  2:25  Drone x2  
  27  2:26  Drone  
  30  2:32  Drone x2  
  32  2:45  Drone x2  
  34  2:59  Hatchery  
  33  3:12  Overlord  
  33  3:13  Overlord  
  33  3:30  Queen  
  33  3:32  Drone x4  
  38  3:37  Drone x3  
  41  3:42  Overlord  
  41  3:44  Overlord  
  41  3:45  Overlord  
  41  3:50  Baneling Nest  
  41  3:53  Evolution Chamber  
  41  3:54  Queen  
  41  4:03  Drone  
  41  4:04  Zergling x10  
  47  4:17  Drone x3  
  47  4:18  Extractor  
  50  4:31  Drone x7  
  50  4:32  Queen  
  58  4:40  Queen  
  58  4:42  Spore Crawler  
  58  4:44  Spore Crawler  
  58  4:50  Drone x3, Overlord x2  
  61  4:55  Zerg Melee Weapons Level 1  
  61  5:01  Lair  
  61  5:10  Drone x2  
  63  5:20  Drone x4  
  63  5:21  Drone, Evolution Chamber  
  68  5:22  Hatchery  
  65  5:47  Zerg Ground Armor Level 1  
  65  5:50  Drone x3, Extractor  
  65  5:51  Drone x3, Extractor  
  65  5:53  Drone x4  
  71  6:07  Centrifugal Hooks  
  71  6:08  Hatchery  
  70  6:12  Hatchery  
  70  6:14  Zergling x4  
  70  6:15  Zergling x22  
  78  6:19  Overseer  
  78  6:23  Drone x2  
  75  6:43  Zergling x14, Overlord x2  
  75  6:44  Overlord x2  
  75  6:46  Baneling x5  
  82  6:56  Zergling x6  
  82  6:57  Overlord x2  
  82  6:59  Baneling  
  82  7:00  Baneling x2  
  85  7:10  Drone x6  
  85  7:12  Drone x2  
  93  7:18  Zerg Melee Weapons Level 2  
  93  7:22  Zergling x6  
  86  7:39  Infestation Pit  
  85  7:52  Queen  
  87  8:07  Zergling x14  
  87  8:08  Zergling x38  
  113  8:13  Baneling x13  
  113  8:19  Drone x5  
  118  8:35  Infestor x5  
  118  8:38  Overlord x2  
  115  8:54  Baneling x9  
  104  9:04  Zergling x16  
  104  9:08  Zergling x2  
  104  9:09  Zergling x26  
  75  9:38  Zergling x34  
  82  9:39  Zergling x4  
  82  9:43  Queen  
  96  9:47  Drone  
  96  9:50  Baneling x9  
  97  10:02  Baneling x4  
  97  10:03  Baneling x4  
  97  10:04  Zergling x6  
  97  10:05  Zergling x6  
  97  10:06  Drone  
  104  10:11  Infestor x2  
  108  10:18  Drone x5  
  108  10:20  Drone  
  97  10:38  Zergling x2  
  97  10:39  Zergling x26  
  94  10:46  Zergling x6  
  94  10:47  Zergling x6  
  95  10:58  Drone x2  
  95  11:00  Zergling x14  
  103  11:09  Baneling x12  
  103  11:33  Zergling x14  
  110  11:40  Hatchery  
  92  11:58  Zergling x2  
  92  11:59  Zergling x24  
  97  12:04  Zergling x20  
  97  12:07  Baneling x3  
  98  12:15  Zergling x2  
  98  12:16  Zergling x8  
  100  12:31  Zergling x2  
  100  12:32  Zergling x20  
  111  12:45  Queen  
  113  12:56  Hatchery  
  88  13:14  Zergling x2  
  88  13:15  Zergling x36  
  88  13:17  Baneling x9  
  107  13:26  Infestor x4  
  112  13:41  Zergling x2  
  112  13:42  Zergling x18  
  112  13:43  Baneling x10  
  120  13:55  Infestor x4  
  118  13:56  Infestor  
  118  13:57  Zergling x2  
  112  14:17  Zergling x16  
  112  14:18  Zergling x8, Overlord x2  
  112  14:19  Infestor  
  112  14:20  Infestor  
  105  14:41  Zergling x36  
  121  14:55  Drone x4  
  121  14:56  Drone x2  
  121  14:59  Zergling x2, Baneling x8  
  132  15:00  Zergling x10  
  130  15:17  Spire  
  127  15:25  Zergling x22  
  121  15:38  Zergling x8  
  121  15:39  Zergling x26  
  133  15:46  Baneling x9  
  132  16:01  Drone  
  132  16:02  Drone x2  
  135  16:10  Overseer, Hive  
  135  16:11  Overseer  
  135  16:19  Baneling x2  
  135  16:20  Baneling x3  
  135  16:21  Zergling x4  
  135  16:22  Zergling x20  
  147  16:28  Hatchery  
  147  16:29  Corruptor x3  
  152  16:45  Overlord x5  
  148  17:02  Corruptor x8  
  161  17:13  Corruptor  
  155  17:20  Spore Crawler x2  
  142  17:24  Corruptor  
  142  17:25  Zergling x22  
  152  17:31  Zergling x2  
  152  17:32  Zergling x8  
  157  17:44  Drone x6  
  157  18:00  Corruptor x3  
  157  18:01  Zergling x2  
  136  18:29  Zerg Melee Weapons Level 3  
  136  18:32  Drone x7  
  143  18:35  Drone, Overseer  
  94  19:04  Zergling x8  
  94  19:05  Zergling x34  
  106  19:10  Zergling x8  
  106  19:16  Zergling x6  
  106  19:17  Zergling x2  
  111  19:27  Zergling x2  
  111  19:28  Zergling x14  
  96  19:37  Zergling x8  
  83  19:47  Zergling x6  
  83  19:48  Zergling x2  
  82  19:59  Drone  
  81  20:01  Drone x4  
  85  20:09  Infestor x2  
  88  20:16  Overseer  
  87  20:48  Extractor  
  79  20:50  Extractor  
  75  21:02  Zergling x8  
  75  21:03  Zergling x50  
  75  21:04  Zergling x6  
  107  21:14  Extractor  
  107  21:16  Extractor  
  102  21:19  Zergling x14  
  102  21:20  Zergling x2  
  67  21:50  Zergling x22  
  67  21:51  Zergling x10  
  77  22:04  Zergling x14  
  80  22:21  Zergling x16  
  72  22:24  Zergling x4  
  60  22:33  Zergling x6  
  60  22:34  Zergling x2  
  53  22:38  Zergling x2  
  42  22:53  Zergling x8  
  45  23:05  Zergling x6  
  43  23:17  Baneling  
  43  23:18  Baneling x7  
  43  23:45  Zergling x2  
  43  23:46  Zergling x14  
Tags
 
Matchup
TvZ
Replay Pack
Myownreplay2
Spawn Locations
Cross Positions
Add a new tag
Caveats
  • Supply blocks, unpowered buildings, or Contaminate may cause inaccurate times.
  • Supply counts are checked every 10 seconds.